 Dungeon Crawl Stone Soup version 0.20-a0-208-g55166f7 (webtiles) character file.

460 KristoblXynda the Sneak (level 6, -4/28 HPs)
             Began as a Spriggan Earth Elementalist on Nov 25, 2016.
             Was an Initiate of Ashenzari.
             Killed from afar by an orc wizard (6 damage)
             ... with a magic dart
             ... on level 5 of the Dungeon on Nov 26, 2016.
             The game lasted 00:16:26 (5772 turns).

KristoblXynda the Sneak (SpEE)                      Turns: 5772, Time: 00:16:27

Health: -4/28      AC:  3    Str:  5    XL:     6   Next: 78%
Magic:  9/15       EV: 18    Int: 17    God:    Ashenzari [......]
Gold:   181        SH:  0    Dex: 17    Spells: 8/16 levels left

rFire  . . .     SeeInvis +     o - +3 dagger (drain) (curse)
rCold  . . .     Gourm    .     c - +1 robe
rNeg   . . .     Faith    .     (shield restricted)
rPois  .         Spirit   .     (helmet restricted)
rElec  .         Reflect  .     (no cloak)
rCorr  .         Harm     .     (gloves unavailable)
MR     +....                    (boots unavailable)
Stlth  ++++......               (no amulet)
                                (no ring)
                                (no ring)

@: very quick
A: unfitting armour, see invisible, herbivore 3, speed 3, screaming 1, slow
metabolism 2
a: Curse Item, Renounce Religion


You were on level 5 of the Dungeon.
You worshipped Ashenzari.
Ashenzari was noncommittal.
You were hungry.

You visited 2 branches of the dungeon, and saw 6 of its levels.

You collected 181 gold pieces.

Inventory:

Hand Weapons
 o - a cursed +3 dagger of draining (weapon)
Armour
 c - a +1 robe (worn)
Wands
 p - a wand of polymorph (5/24)
Scrolls
 a - 4 scrolls of remove curse
 i - a scroll of identify
 m - a scroll of recharging
 n - a scroll of magic mapping
Potions
 f - a potion of haste
 g - a potion of agility
 h - a potion of magic
 l - a potion of brilliance
Books
 e - a book of Geomancy

   Spells                             Type                      Level
   a - Sandblast                      Earth                        1
   b - Passwall                       Transmutation/Earth          2
   c - Stone Arrow                    Conjuration/Earth            3
   d - Petrify                        Transmutation/Earth          4
   e - Lee's Rapid Deconstruction     Earth                        5
Comestibles
 d - 5 bread rations
 j - 2 fruits


   Skills:
 - Level 3.0 Dodging
 + Level 7.0 Stealth
 + Level 5.8 Spellcasting
 - Level 2.0 Conjurations
 + Level 2.2 Transmutations
 - Level 3.1 Earth Magic


You had 8 spell levels left.
You knew the following spells:

 Your Spells              Type           Power        Failure   Level  Hunger
a - Sandblast             Erth           ###...       3%          1    None
b - Stone Arrow           Conj/Erth      ##....       14%         3    ##.....
c - Petrify               Tmut/Erth      ##......     45%         4    ####...


Dungeon Overview and Level Annotations

Branches:
Dungeon (5/15)             Temple (1/1) D:4

Altars:
Ashenzari
Cheibriados
Hepliaklqana
Qazlal
Trog
Uskayaw
Vehumet
Yredelemnul
The Shining One

Shops:
D:4 %

Annotations:
D:4 murphy's ghost, novice TrWn


Innate Abilities, Weirdness & Mutations

You are very small and have problems with some larger weapons.
You are too small for most types of armour.
You have supernaturally acute eyesight. (SInv)
You are a herbivore.
You cover ground extremely quickly.
You need consume almost no food.
You occasionally shout uncontrollably at your foes.


Message History

You hit the orc. You drain the orc!
You kill the orc!
The phantom hits you but does no damage.
You hit the phantom but do no damage.
The phantom is severely damaged.
You feel less wooden.
Your +1 robe unmelds from your body.
The phantom completely misses you.
You hit the phantom.
The phantom is severely damaged.
The orc misses you. The phantom hits you.
* * * LOW HITPOINT WARNING * * *
The phantom blinks!
The orc wizard mumbles some strange words.
The orc wizard seems to speed up.
Found 16 sling bullets.
Okay, then.
Okay, then.
The orc wizard casts a spell at you. The magic dart hits you!
You die...

#..##### #....o.#
#o####.# # #.##
#.#######..
#..###o........#
######...........##
#........Wa.#.....#
#.........#.#a#...#
#........@#.#)##..#
#.........#.#†# .$..
#########.[.#.##.####
# ###...?#....#..
##.#...## ....
#.......#.....
#....#....#
#....#<§.##
#........o#


You could see a phantom, a worker ant, an orc wizard and an orc.

Vanquished Creatures
  A scorpion (D:5)
  2 orc priests
  2 orc wizards (D:3)
  A hound (D:4)
  2 worker ants (D:4)
  8 adders
  3 oozes (D:3)
  4 worms
  A dart slug (D:3)
  2 leopard geckos
  14 orcs
  A giant cockroach (D:2)
  4 goblins
  17 hobgoblins
  6 jackals
  12 kobolds
  5 quokkas
  A ball python (D:1)
  7 bats
  10 frilled lizards
  A leopard gecko skeleton (D:4)
  A quokka skeleton (D:4)
  6 rats
111 creatures vanquished.

Notes
Turn   | Place    | Note
-------+----------+-------------------------------------------
     0 | D:1      | KristoblXynda the Spriggan Earth Elementalist began the quest for the Orb.
     0 | D:1      | Reached XP level 1. HP: 9/9 MP: 5/5
   148 | D:1      | Reached XP level 2. HP: 13/13 MP: 2/6
   859 | D:1      | Reached skill level 4 in Stealth
   978 | D:2      | Reached XP level 3. HP: 16/16 MP: 5/8
  1452 | D:2      | Learned a level 3 spell: Stone Arrow
  1816 | D:2      | Found a faded altar of an unknown god.
  1859 | D:2      | Reached XP level 4. HP: 21/21 MP: 10/10
  2547 | D:3      | Reached skill level 5 in Stealth
  2702 | D:3      | Learned a level 4 spell: Petrify
  2751 | D:3      | Reached skill level 1 in Conjurations
  2751 | D:3      | Reached XP level 5. HP: 17/24 MP: 6/12
  3290 | D:3      | Reached skill level 6 in Stealth
  4047 | D:4      | Noticed murphy's ghost (novice TrWn)
  4448 | D:4      | Reached skill level 5 in Spellcasting
  4448 | D:4      | Reached XP level 6. HP: 11/28 MP: 14/14
  4799 | D:4      | Found Decill's Food Emporium.
  5194 | D:4      | Found a staircase to the Ecumenical Temple.
  5201 | Temple   | Entered the Ecumenical Temple
  5246 | Temple   | Became a worshipper of Ashenzari the Shackled
  5316 | D:4      | Gained mutation: Your mind is acute. (Int +2) [potion of mutation]
  5316 | D:4      | Lost mutation: Your mind is acute. (Int +2) [potion of mutation]
  5316 | D:4      | Gained mutation: You occasionally shout uncontrollably at your foes. [potion of mutation]
  5707 | D:5      | Entered Level 5 of the Dungeon
  5738 | D:5      | Reached skill level 7 in Stealth
  5755 | D:5      | HP: 1/28 [phantom (3)]
  5772 | D:5      | Killed from afar by an orc wizard

Vault maps used:
D:1:      minmay_arrival_split_and_join
D:2:      first_bread, chequers_ecumenical_altar_simple_redux
D:3:      minmay_goblin_kobold_house
D:4:      serial_shops, kennysheep_mini
Temple:   kb_temple_of_zot

Skill      XL: |  1  2  3  4  5  6 |
---------------+-------------------+-----
Spellcasting   | 3 4 5 |  5.8
Earth Magic    | 3 |  3.1
Stealth        | 4 5 6 7 |  7.0
Conjurations   | 1 2 |  2.0
Transmutations | 2 |  2.2
Dodging        | |  3.0

Action                   |  1- 3 |  4- 6 || total
-------------------------+-------+-------++-------
Melee: Dagger            |    60 |   127 ||   187
       Short sword       |       |    79 ||    79
 Cast: Sandblast         |    57 |    59 ||   116
Invok: Curse Item        |       |     1 ||     1
  Use: Scroll            |       |    16 ||    16
       Potion            |       |     3 ||     3
 Stab: Sleeping          |     3 |    10 ||    13
  Eat: Fruit             |       |     2 ||     2
Armor: Robe              |     4 |    16 ||    20
       Skin              |       |    18 ||    18
Dodge: Dodged            |    65 |   188 ||   253
